FIQ, neutral male scurrid Tourist -------- | | | .# ---------------------------------- ------- | |# ##.................................+###########| | | |# |..---.--+--------------..----- | #.< | | |# #|..|....| |.. | | +..+ | | | | -.-.----# #|..|....| |.. | | |..| | | ----.-- # # # ###|..-|--.---|.. |+------|..| | | # # # # # |.......| |.. |.| |%.|..----- | # ### # ### |..----.| ||---.|( |!%|.. | # # ### # |..|..-.-+--..{..-+-|..|G------ | # ### ### |.....|.............-|--.@....| | ### # # ### |..|----|--.----+--...@..|.._@| | # -.-.--- ### # |..|((|...|.+ | |+----------| | ###### ## | | # ### |..|((|(((|.| | | | #| + | -.-.---.-- | | ### # |..|..|($(|.---| | | | | | | | | | # ###|..-|------..{.---------+------ | | | | |## #.................................| | > | ------- ---------------------------------- ---------- FIQ the Rambler Experience level: 2 Strength: 9 Dexterity: 15 Constitution: 13 Intelligence: 16 Wisdom: 8 Charisma: 13 Health: 0(16) Energy: 5(5) Def: 0 Gold: 244 Moves: 329 Dungeon seed: _IMXNqsOJaD64OrC Game ID: FIQ_1528831421 Your Inventory: Coins $ - 244 gold pieces Weapons a - 45 uncursed +2 darts (in quiver) Armor e - an uncursed +0 Hawaiian shirt (being worn) Comestibles b - 5 uncursed food rations d - an uncursed candy bar f - 2 uncursed tripe rations g - an uncursed fortune cookie h - an uncursed apple Scrolls k - 2 uncursed scrolls of magic mapping Potions j - 2 uncursed potions of extra healing Wands n - an uncursed wand of secret door detection (0:14) p - an uncursed wand of enlightenment (0:10) Tools l - an uncursed expensive camera (0:80) m - an uncursed credit card r - an uncursed magic lamp Spells and supernatural/magical abilities: Name Level Category Fail Memory W - pray for help -- divine ? -- Your skills at the end: Miscellaneous Skills wands [Basic] Weapon Skills dart [Basic] Spellcasting Skills Final Attributes: You were devoutly aligned. Your writing paw was cramped from overuse. You had infravision. You were very stealthy. You are dead. Vanquished creatures: a gnomish wizard 2 cave spiders a gnome a gnome zombie a newt a lichen 7 creatures vanquished. Voluntary challenges: You went without food. You did not adorn yourself with jewelry or accessories. You did not cause conflict. You were not invisible. You did not have reflection. You were not displaced. You never hit with a wielded weapon. You did not use tools. You did not use plumbed fixtures. You did not drink any magical draughts. You read items or engraved 5 times, starting on turn 11. You never genocided any monsters. You never polymorphed an object. You never changed form. You used no wishes. You never split a pudding. You wrote Elbereth's name 3 times, starting on turn 124. You never violated your personal moral code. Dungeon overview: The Dungeons of Doom: levels 1 to 3 Level 1 a long staircase Level 2 Level 3 stairs to The Gnomish Mines The Gnomish Mines: levels 4 to 6 Level 4 stairs to The Dungeons of Doom Level 5 Level 6 <- You were here some shops, a temple to The Lady, a magic chest, some fountains, a sink History has recorded: On T:1 you entered the Dungeons of Doom to retrieve the Amulet of Yendor! On T:7 you reached level 2 of The Dungeons of Doom. On T:10 you reached level 3 of The Dungeons of Doom. On T:66 you reached level 1 of The Gnomish Mines. On T:84 you reached level 2 of The Gnomish Mines. On T:90 you reached level 3 of The Gnomish Mines. On T:147 you prayed to The Lady. On T:258 you entered the Minetown temple On T:285 you advanced to experience level 2. Score breakdown: Gold: 0 ( 0 points) Experience: 2 levels ( 100 points) Exploration: 6 levels ( 150 points) Discoveries: 4 items ( 200 points) Variety of kills: 6 monsters ( 300 points) Major goal: reached Minetown ( 500 points) Survival: died (score multiplied by 3) Total score: 3750 Latest messages: You miss the gnomish wizard. You claw the gnomish wizard. You miss the gnomish wizard. The gnomish wizard turns to flee! You miss the gnomish wizard. (2x) The gnomish wizard turns to flee! You claw the gnomish wizard. You start chewing a hole in the rock. Scroggs sees what you're doing, and yells at you. "Hey, stop messing with that wall!" You continue digging. You kill the gnomish wizard! Welcome to experience level 2. You feel more confident in your skills. You hear a door open. The water nymph picks up a cave spider corpse. The dart hits the gnome. The gnome thrusts one of her daggers named Dagger of Serenity at you. The gnome stabs you! You die... Final status: Aloha FIQ the Tourist, killed by a gnome... You died in The Gnomish Mines on dungeon level 6 with 3750 points, and 244 pieces of gold, after 329 moves. You were level 2 with a maximum of 16 hit points when you died.